 Dungeon Crawl Stone Soup version 0.25-a0-310-g60f0ac2d9a (webtiles) character file.

Game seed: 12280732162410575880, levelgen mode: deterministic

30 Hordelord the Firebug (level 3, -3/26 HPs)
             Began as a Draconian Fire Elementalist on Dec 24, 2019.
             Slain by an ogre
             ... wielding a +0 giant spiked club
              (10 damage)
             ... on level 1 of the Dungeon.
             The game lasted 00:16:21 (1740 turns).

Hordelord the Firebug (Draconian Fire Elementalist) Turns: 1740, Time: 00:16:22

Health: -3/26      AC:  5    Str: 10    XL:     3   Next: 5%
Magic:  3/6        EV: 12    Int: 16    God:
Gold:   22         SH:  0    Dex: 11    Spells: 5/6 levels left

rFire    . . .     SeeInvis .   a - +0 club
rCold    . . .     Gourm    .   (no shield)
rNeg     . . .     Faith    .   (armour unavailable)
rPois    .         Spirit   .   (helmet restricted)
rElec    .         Reflect  .   (no cloak)
rCorr    .         Harm     .   (no gloves)
MR       .....                  (no boots)
Stlth    ++........             (no amulet)
HPRegen  0.08/turn              (no ring)
MPRegen  0.10/turn              (no ring)

@: no status effects
A: unfitting armour, cold-blooded, AC +5
a: no special abilities


You were on level 1 of the Dungeon.
You were not hungry.

You visited 1 branch of the dungeon, and saw 2 of its levels.

You collected 22 gold pieces.

Inventory:

Hand Weapons
 a - a +0 club (weapon)
 e - a +0 spear
 f - a +0 dagger
 l - a +0 dagger
 m - a +0 short sword
Missiles
 k - 15 bolts
 o - 18 arrows
 r - 17 sling bullets
Armour
 g - a +0 ring mail
 t - a +0 shield
Scrolls
 h - 2 scrolls of teleportation {unknown}
 i - a scroll of magic mapping {unknown}
 j - a scroll of identify {unknown}
 p - a scroll of enchant armour {unknown}
 q - a scroll of enchant weapon {unknown}
Potions
 c - 2 potions of brilliance {unknown}
 d - a potion of lignification {unknown}
 n - a potion of agility {unknown}
 s - a potion of heal wounds {unknown}
Comestibles
 b - a ration


   Skills:
 + Level 2.0 Dodging
 + Level 2.0 Stealth
 + Level 2.3 Spellcasting
 + Level 1.0 Conjurations
 + Level 3.6 Fire Magic


You had 5 spell levels left.
You knew the following spells:

 Your Spells              Type           Power        Failure   Level  Hunger
a - Foxfire               Conj/Fire      #...         8%          1    #......

Your spell library contained the following spells:

 Spells                   Type           Power        Failure   Level  Hunger
 Conjure Flame            Conj/Fire      #.......     22%         3    ###....
 Inner Flame              Hex/Fire       #.......     28%         3    ###....
 Sticky Flame             Conj/Fire      #.......     58%         4    #####..
 Fireball                 Conj/Fire      #.........   91%         5    ######.


Dungeon Overview and Level Annotations

Branches:
Dungeon (2/15)

Altars:

Annotations:
D:2 Terence


Innate Abilities, Weirdness & Mutations

Your plain brown scales are hard. (AC +5)
You cannot fit into any form of body armour.
You are cold-blooded and may be slowed by cold attacks.


Message History

You conjure some foxfire!
The foxfire hits the ogre.
The ogre is lightly wounded.
The foxfire hits the ogre but does no damage.
The ogre is lightly wounded.
The ogre hits you with a +0 giant spiked club!
Ouch! That really hurt!
* * * LOW HITPOINT WARNING * * *
Casting: Foxfire (safe; 8% risk of failure)
Confirm with . or Enter, or press ? or * to list all spells.
You conjure some foxfire!
The foxfire hits the ogre.
The ogre is moderately wounded.
Casting: Foxfire (safe; 8% risk of failure)
Confirm with . or Enter, or press ? or * to list all spells.
Nothing appears to happen.
Casting: Foxfire (safe; 8% risk of failure)
Confirm with . or Enter, or press ? or * to list all spells.
Nothing appears to happen.
The ogre hits you with a +0 giant spiked club!
You die...

#...................#
#.##.##...######..#..
#.##.##...######....#
#.##.##...##......#..
#.##.........##.....#
#.#####...........#..
#.# #.#.######....#
#.#####.#.######..#..
#..v@O..#...........#
###########.#####..#.
###.### #.###
##P#.#.###.#
##PP#.#..##.#
#.b.#.#...#.###
###...#.#P###.##.
##.#..P#.#.#...#.#
#..#.Pb###.###..##


You could see an ogre.

Vanquished Creatures
  A dart slug (D:1)
  A leopard gecko (D:1)
  4 bats (D:1)
  3 giant cockroaches
  6 hobgoblins (D:1)
  2 kobolds (D:1)
  3 frilled lizards (D:1)
  4 goblins (D:1)
  2 rats
26 creatures vanquished.

Vanquished Creatures (others)
  25 foxfires (D:1)
25 creatures vanquished.

Grand Total: 51 creatures vanquished

Notes
Turn   | Place    | Note
-------+----------+-------------------------------------------
     0 | D:1      | Hordelord the Draconian Fire Elementalist began the quest
                  | for the Orb.
     0 | D:1      | Reached XP level 1. HP: 14/14 MP: 3/3
   127 | D:1      | Reached XP level 2. HP: 8/20 MP: 3/5
   977 | D:1      | Reached XP level 3. HP: 20/26 MP: 4/6
  1206 | D:2      | Noticed an ogre
  1212 | D:2      | Noticed Terence
  1740 | D:1      | Slain by an ogre

Levels and vault maps discovered:
D:1:      saegor_arrival_simple_c, layout_loops_corners, serial_aquarium,
          aquarium_bridge_square [aquarium_subvault_window,
          aquarium_subvault_balcony, aquarium_subvault_bridge,
          aquarium_subvault_window], aquarium_bridge_straight
          [aquarium_subvault_bridge, aquarium_subvault_wall,
          aquarium_subvault_bridge, aquarium_subvault_wall],
          aquarium_window_corridor_1, aquarium_window_fake, aquarium_window_1,
          aquarium_view_2f, hex_medium, dk_noncrumbling_3, minmay_cut_off
D:2:      layout_loops_ring, chequers_temple_overflow_statue_of_worship,
          okawaru_ov_weapons_minmay, uniq_terence

Skill      XL: |  1  2 |
---------------+-------+-----
Dodging        | 2 |  2.0
Stealth        | 2 |  2.0
Spellcasting   | |  2.3
Conjurations   | |  1.0
Fire Magic     | |  3.6

Action                   || total
-------------------------++-------
Melee: Unarmed           ||    15
       Club              ||    74
       Tailslap          ||     3
 Cast: Foxfire           ||    21
 Stab: Sleeping          ||     1
  Eat: Ration            ||     1
Armor: Skin              ||    28
Dodge: Dodged            ||    69
Block: Shield            ||    11

Table legend:
 A = Non-vault XP
 B = Vault XP
 C = Vault XP percentage of total XP
 D = Non-vault monster count
 E = Vault monster count
 F = Vault count percentage of total count
                 A         B        C        D         E       F
            +---------+---------+-------+---------+---------+-------
      Total |      33 |      11 |  25.0 |      21 |       5 |  19.2
            +---------+---------+-------+---------+---------+-------
        D:1 |      30 |      11 |  26.8 |      19 |       5 |  20.8
        D:2 |       3 |       0 |   0.0 |       2 |       0 |   0.0
            +---------+---------+-------+---------+---------+-------
